 Dungeon Crawl Stone Soup version 0.31-a0-112-gdf0485fa37 (webtiles) character file.

Game seed: 9966864217580095951

1713 CowFu the Carver (level 8, -2/68 HPs)
             Began as a Minotaur Fighter on May 29, 2023.
             Slain by a cyan ugly thing (15 damage)
             ... on level 7 of the Dungeon.
             The game lasted 00:04:29 (4790 turns).

CowFu the Carver (Minotaur Fighter)                 Turns: 4790, Time: 00:04:30

Health: -2/68      AC: 13    Str: 23    XL:     8   Next: 74%
Magic:  7/7        EV:  8    Int:  5    God:
Gold:   354        SH:  8    Dex: 10    Spells: 7/7 levels left

rFire   . . .        a - +0 long sword
rCold   . . .        u - +0 kite shield
rNeg    . . .        t - +0 chain mail
rPois   +            (helmet restricted)
rElec   .            (no cloak)
rCorr   .            (no gloves)
SInv    .            s - +2 pair of boots
Will    .....        (no amulet) Stlth
                     c - ring of poison resistance
HPRegen 0.31/turn    (no ring)
MPRegen 0.10/turn

%: no passive effects
@: mighty
A: horns 2, retaliatory headbutt
a: no special abilities


You were on level 7 of the Dungeon.
You visited 1 branch of the dungeon, and saw 7 of its levels.

You collected 354 gold pieces.

Inventory:

Hand Weapons
 a - a +0 long sword (weapon)
 b - a +3 dagger
Missiles
 e - a throwing net (quivered)
Armour
 s - a +2 pair of boots (worn)
 t - a +0 chain mail (worn)
 u - a +0 kite shield (worn)
Jewellery
 c - a ring of poison resistance (left hand)
Wands
 j - a wand of light (2)
 n - a wand of flame (17)
Scrolls
 g - 4 scrolls of teleportation {unknown}
 h - a scroll of immolation {unknown}
 k - a scroll of blinking {unknown}
 m - a scroll of torment {unknown}
 r - a scroll of fog {unknown}
 v - a scroll of identify
 w - a scroll of amnesia {unknown}
Potions
 d - a potion of might
 f - a potion of degeneration
 i - 3 potions of mutation
 l - a potion of resistance
 o - 2 potions of curing
 p - 3 potions of lignification {unknown}
 q - 2 potions of haste


   Skills:
 - Level 5.0 Fighting
 + Level 10.8 Long Blades
 - Level 5.0 Armour
 - Level 5.0 Dodging
 - Level 5.0 Shields


You had 7 spell levels left.
You didn't know any spells.
Your spell library contained the following spells:

 Spells                   Type           Power      Damage    Failure   Level
 Apportation              Tloc           0%         N/A       99%         1
 Necrotise                Necr           0%         1d4       99%         1
 Summon Small Mammal      Summ           0%         N/A       99%         1
 Ensorcelled Hibernation  Hex/Ice        0%         N/A       100%        2
 Passwall                 Tmut/Erth      0%         N/A       100%        2
 Ozocubu's Armour         Ice            0%         N/A       100%        3
 Swiftness                Air            0%         N/A       100%        3
 Alistair's Intoxication  Tmut/Pois      0%         N/A       100%        5
 Fireball                 Conj/Fire      0%         3d3       100%        5
 Iskenderun's Battlesphe  Conj           0%         2d6       100%        5
 Conjure Ball Lightning   Conj/Air       0%         3x3d6     100%        6
 Orb of Destruction       Conj           0%         9d5       100%        7
 Ozocubu's Refrigeration  Ice            0%         4d7       100%        7


Dungeon Overview and Level Annotations

Branches:
Dungeon (7/15)             Temple (0/1) D:6

Altars:
Dithmenos
Elyvilon
Fedhas
Trog
Yredelemnul
Zin

Shops:
D:3 ?


Innate Abilities, Weirdness & Mutations

You have a pair of horns on your head.
You reflexively headbutt those who attack you in melee.


Message History

You are too injured to fight recklessly!
You are too injured to fight recklessly!
You are too injured to fight recklessly!
You are too injured to fight recklessly!
You are too injured to fight recklessly!
You are too injured to fight recklessly!
You are too injured to fight recklessly!
You are too injured to fight recklessly!
You are too injured to fight recklessly!
You are too injured to fight recklessly!
You are too injured to fight recklessly!
You are too injured to fight recklessly!
You are too injured to fight recklessly!
You are too injured to fight recklessly!
You are too injured to fight recklessly!
Items here: ) †††.
The cyan ugly thing attacks as you move away!
The cyan ugly thing pecks you but does no damage.
You feel very mighty all of a sudden.
The cyan ugly thing pecks you but does no damage.
You barely miss the cyan ugly thing.
Your headbutt misses the cyan ugly thing.
The cyan ugly thing is heavily wounded.
You block the cyan ugly thing's attack.
You barely miss the cyan ugly thing.
The cyan ugly thing is heavily wounded.
You block the cyan ugly thing's attack.
You hit the cyan ugly thing.
The cyan ugly thing is heavily wounded.
The cyan ugly thing pecks you.
* * * LOW HITPOINT WARNING * * *
The cyan ugly thing shocks you!
* * * LOW HITPOINT WARNING * * *
You completely miss the cyan ugly thing.
The cyan ugly thing is heavily wounded.
You block the cyan ugly thing's attack.
You feel better. The cyan ugly thing pecks you.
* * * LOW HITPOINT WARNING * * *
The cyan ugly thing shocks you!
You die...

.##.... ....$..
......g ....... ....y
.o.
#'####################
#.oogFu@............<#
######################


You could see a cyan ugly thing, a bullfrog, an orc wizard, a gnoll and an orc.

Vanquished Creatures
  A water moccasin (D:6)
  A black bear (D:5)
  An ice beast (D:6)
  2 ogres
  A sky beast (D:6)
  2 phantoms
  2 bullfrogs
  A scorpion (D:5)
  3 killer bees (D:7)
  2 howler monkeys (D:7)
  6 hounds
  4 iguanas
  Ijyb (D:3)
  Natasha (thrice) (D:4)
  7 gnolls
  9 adders
  2 ufetubi (D:4)
  A worm (D:3)
  6 dart slugs
  An orc (D:6)
  3 ball pythons
  5 endoplasms
  4 giant cockroaches
  5 goblins
  6 hobgoblins
  3 jackals
  3 kobolds
  4 quokkas
  3 bats
  5 frilled lizards
  3 rats
100 creatures vanquished.

Notes
Turn   | Place    | Note
-------+----------+-------------------------------------------
     0 | D:1      | CowFu the Minotaur Fighter began the quest for the Orb.
     0 | D:1      | Reached XP level 1. HP: 19/19 MP: 0/0
   499 | D:1      | Reached XP level 2. HP: 27/27 MP: 1/1
   930 | D:2      | Reached skill level 1 in Dodging
  1049 | D:2      | Reached XP level 3. HP: 32/33 MP: 2/2
  1445 | D:3      | Reached skill level 3 in Long Blades
  1524 | D:3      | Noticed Ijyb
  1535 | D:3      | Killed Ijyb
  1536 | D:3      | Reached XP level 4. HP: 22/40 MP: 3/3
  1543 | D:3      | Found a basalt altar of Yredelemnul.
  1723 | D:3      | Found The Oracle's Delphic Readings.
  2111 | D:4      | Reached XP level 5. HP: 23/47 MP: 4/4
  2215 | D:4      | Noticed an ogre
  2223 | D:4      | Killed an ogre
  2398 | D:4      | Noticed Natasha
  2415 | D:4      | Killed Natasha
  2416 | D:4      | Reached skill level 4 in Long Blades
  2416 | D:4      | Reached XP level 6. HP: 17/55 MP: 5/5
  2424 | D:4      | HP: 1/55 [iguana (6)]
  2426 | D:4      | Reached skill level 5 in Fighting
  2648 | D:4      | Reached skill level 5 in Armour
  2648 | D:4      | Reached skill level 5 in Shields
  2868 | D:4      | Found a shadowy altar of Dithmenos.
  2963 | D:4      | Noticed Natasha
  2974 | D:4      | Killed Natasha
  2975 | D:4      | Reached skill level 5 in Long Blades
  2995 | D:4      | Found a white marble altar of Elyvilon.
  3005 | D:4      | Found a bloodstained altar of Trog.
  3021 | D:4      | Noticed Natasha
  3029 | D:4      | Killed Natasha
  3030 | D:4      | Reached XP level 7. HP: 44/61 MP: 6/6
  3168 | D:5      | Entered Level 5 of the Dungeon
  3501 | D:5      | Reached skill level 6 in Long Blades
  3504 | D:5      | Reached skill level 5 in Dodging
  3510 | D:5      | Reached skill level 7 in Long Blades
  4146 | D:6      | Reached XP level 8. HP: 66/68 MP: 7/7
  4211 | D:6      | Reached skill level 8 in Long Blades
  4391 | D:6      | Found a blossoming altar of Fedhas.
  4393 | D:6      | Found a glowing silver altar of Zin.
  4547 | D:6      | Reached skill level 9 in Long Blades
  4559 | D:6      | Found a staircase to the Ecumenical Temple.
  4745 | D:7      | Reached skill level 10 in Long Blades
  4773 | D:7      | Noticed a cyan ugly thing
  4790 | D:7      | Slain by a cyan ugly thing

Illustrated notes

Levels and vault maps discovered:
D:1:      saegor_arrival_under_anarchy, layout_basic
D:2:      layout_loops_ring
D:3:      layout_rooms, lemuel_coloured_pillars_altar,
          nicolae_nh_oracle_at_delphi, uniq_ijyb
D:4:      layout_rooms, lemuel_round_altar, amethyst_overflow_temple_binary,
          uniq_natasha
D:5:      layout_loops_ring, kennysheep_crisscross, fountainhead
D:6:      layout_loops_ring, nicolae_overflow_hidden_temple, temple_statues
D:7:      layout_basic, serial_shops, nicolae_shop_mannequins,
          minmay_manual_mess

Skill      XL: |  1  2  3  4  5  6  7  8 |
---------------+-------------------------+-----
Dodging        | 1 2 4 5 |  5.0
Fighting       | 4 5 |  5.0
Shields        | 4 5 |  5.0
Armour         | 4 5 |  5.0
Long Blades    | 3 4 5 7 10 | 10.8

Action                     |  1- 3 |  4- 6 |  7- 9 || total
---------------------------+-------+-------+-------++-------
  Melee: Long sword        |    95 |   115 |   151 ||   361
         Headbutt          |    17 |    17 |    35 ||    69
    Use: Scroll            |       |     4 |       ||     4
         Potion            |       |     1 |     2 ||     3
 Armour: Scale mail        |    52 |    32 |    12 ||    96
         Chain mail        |       |       |    58 ||    58
  Dodge: Dodged            |    58 |    61 |    52 ||   171
  Block: Buckler           |    26 |    36 |     7 ||    69
         Kite shield       |       |       |    57 ||    57

Table legend: (Time is in decaauts)
 A = Elapsed time spent in this place.
 B = Non-inter-level travel time spent in this place.
 C = Inter-level travel time spent in this place.
 D = Time resting spent in this place.
 E = Time spent auto-exploring this place.
 F = Levels seen in this place.
 G = Mean time per level.
                   A        B        C        D        E       F      G
               +--------+--------+--------+--------+--------+-----+--------+
         Total |   4865 |   4704 |    161 |      0 |   3840 |   7 |  695.0 |
       Dungeon |   4865 |   4704 |    161 |      0 |   3840 |   7 |  695.0 |
               +--------+--------+--------+--------+--------+-----+--------+

Top non-repeatable levels by time:
     D:4: 1159 daAuts
     D:1: 822 daAuts
     D:5: 818 daAuts
     D:6: 732 daAuts
     D:3: 650 daAuts
     D:2: 598 daAuts
     D:7: 84 daAuts
